 Dungeon Crawl Stone Soup version 0.30-a0-613-gdd512c7efb (webtiles) character file.

Game seed: 17074907030418972782

282 OTABOTABOTAB the Insei (level 6, -1/38 HPs)
             Began as an Octopode Transmuter on Jan 9, 2023.
             Slain by an orc wizard
             ... wielding a +0 dagger
              (5 damage)
             ... on level 4 of the Dungeon.
             The game lasted 00:05:36 (2497 turns).

OTABOTABOTAB the Insei (Octopode Transmuter)        Turns: 2497, Time: 00:05:36

Health: -1/38      AC:  1    Str:  9    XL:     6   Next: 28%
Magic:  6/9        EV: 13    Int: 18    God:
Gold:   22         SH:  0    Dex: 12    Spells: 3/9 levels left

rFire   . . .      SeeInvis .    r - +2 short sword (venom)
rCold   . . .      Faith    .    (no shield)
rNeg    . . .      Spirit   .    (helmet currently unavailable)
rPois   .          Reflect  .    (no amulet)
rElec   .          Harm     .    (no ring)
rCorr   .          Rampage  .    (no ring)
Will    .....                    (no ring)
Stlth   ++                       (no ring)
HPRegen 0.26/turn                (no ring)
MPRegen 0.11/turn                (no ring)
                                 (no ring)
                                 (no ring)

@: appendages
A: tentacle spike 3, almost no armour, amphibious, 8 rings, camouflage 1,
gelatinous body 1, (nimble swimmer 1), tentacles
a: End Transformation


You were on level 4 of the Dungeon.
One of your tentacles had grown a beastly spike.
You visited 1 branch of the dungeon, and saw 4 of its levels.

You collected 136 gold pieces.
You spent 114 gold pieces at shops.

Inventory:

Hand Weapons
 r - a +2 short sword of venom (weapon)
   (You took it off a kobold on level 3 of the Dungeon)
Missiles
 i - 10 poisoned darts
 s - 22 stones
 u - 5 silver boomerangs
 v - a throwing net {!d}
Magical Staves
 f - a staff of air {rElec}
   (You found it on level 4 of the Dungeon)
 n - a staff of poison {rPois}
   (You found it on level 2 of the Dungeon)
 w - a staff of air {rElec}
   (You found it on level 3 of the Dungeon)
Jewellery
 c - a ring of ice {rC+, rF-}
   (You found it on level 3 of the Dungeon)
Scrolls
 b - a scroll of magic mapping {unknown}
 d - a scroll of enchant weapon {unknown}
 e - a scroll of butterflies {unknown}
 g - a scroll of immolation {unknown}
 j - a scroll of silence {unknown}
 k - a scroll of torment {unknown}
 q - a scroll of teleportation {unknown}
 t - 2 scrolls of noise {unknown}
 D - 2 scrolls of blinking {!r}
 V - 2 scrolls of vulnerability {!r!r}
Potions
 a - 2 potions of flight {unknown}
 h - a potion of attraction {!q}
 l - a potion of degeneration {!q}
 J - 5 potions of curing {@q1}
 N - a potion of heal wounds {@q2}
 P - a potion of lignification {!q}
 U - a potion of mutation {!q}


   Skills:
 - Level 1.0 Fighting
 - Level 2.0 Dodging
 + Level 4.9 Unarmed Combat
 - Level 2.0 Spellcasting
 + Level 4.2 Transmutations
 - Level 3.0 Poison Magic


You had 3 spell levels left.
You knew the following spells:

 Your Spells              Type           Power      Damage    Failure   Level
a - Beastly Appendage     Tmut           34%        N/A       3%          1
b - Wereblood             Tmut           17%        N/A       4%          2
c - Spider Form           Tmut/Pois      14%        N/A       12%         3

Your spell library contained the following spells:

 Spells                   Type           Power      Damage    Failure   Level
 Summon Small Mammal      Summ           4%         N/A       19%         1
 Call Canine Familiar     Summ           1%         N/A       47%         3
 Inner Flame              Hex/Fire       1%         N/A       47%         3
 Summon Guardian Golem    Hex/Summ       1%         N/A       47%         3
 Ice Form                 Ice/Tmut       9%         N/A       58%         4
 Cause Fear               Hex            0%         N/A       87%         4
 Discord                  Hex            0%         N/A       100%        8


Dungeon Overview and Level Annotations

Branches:
Dungeon (4/15)
 Temple: D:4-7

Altars:
Xom
Zin

Shops:
D:3 *=(!


Innate Abilities, Weirdness & Mutations

One of your tentacles has grown a beastly spike.
You cannot wear most types of armour.
You are amphibious.
You can wear up to eight rings at the same time.
Your skin changes colour to match your surroundings (Stealth+).
Your rubbery body absorbs attacks. (AC +1, EV +1)
((You are camouflaged when in or above water. (Stealth+)))
You have tentacles for arms and can constrict up to eight enemies at once.


Message History

You see here a +0 war axe.
You see here a black bear corpse.
You closely miss the orc. You grab the orc.
You constrict the orc, but do no damage.
The orc closely misses you.
Unknown command.
You hit the orc but do no damage. You squeeze the orc. You constrict the orc.
The orc hits you with a +0 mace.
You take 6 damage, and have 27/33 hp.
You hit the orc but do no damage. You squeeze the orc.
You kill the orc!
No target in view!
You now have 22 gold pieces (gained 6).
Things that are here:
a +0 mace; a +0 scale mail; an orc corpse
a - 2 metallic inky potions Health restored: 33
f - a staff of air {rElec} An ogre comes into view.
It is wielding a +0 giant spiked club.
The spell is quite dangerous to miscast (14% risk of failure)!
Continue anyway?
You turn into a venomous arachnid creature.
Your +2 short sword of venom melds into your body.
Your +2 short sword of venom stops dripping with poison.
The ogre shouts!
You hear a shout!
You now have 5/8 mp.
You bite the ogre!
The ogre is poisoned.
A giant cockroach comes into view.
The ogre closely misses you.
The giant cockroach moves out of view.
You hit the ogre.
The ogre looks as sick as possible!
You hit the ogre.
The ogre looks as sick as possible!
The ogre misses you.
You bite the ogre!
You kill the ogre!
Training target 3.0 for Poison Magic reached!
Your Transmutations skill increases to level 4!
Your Poison Magic skill increases to level 3!
You have reached level 6!
Health restored: 38 Your transformation has ended.
Your +2 short sword of venom unmelds from your body.
Your +2 short sword of venom begins to drip with poison!
A phantom is nearby!
One of your tentacles grows a vicious spike.
You now have 5/9 mp.
An orc comes into view. It is wielding a +0 club.
The orc shouts!
You hit the phantom.
You hear a shout!
The phantom barely misses you.
Unknown command.
You hit the phantom but do no damage.
An orc wizard comes into view. It is wielding a +0 dagger.
The phantom barely misses you.
An iguana comes into view.
You closely miss the phantom.
The iguana hisses angrily.
You pierce the phantom.
A worm comes into view.
The phantom closely misses you.
The orc wizard mumbles some strange words.
The orc wizard flickers and vanishes!
Deactivating autopickup; reactivate with Ctrl-A.
You hit the phantom.
You pierce the phantom, but do no damage.
Your squeeze misses the phantom. The phantom hits you!
You take 7 damage, and have 31/38 hp.
Unknown command.
You closely miss the phantom.
Your tentacle spike misses the phantom.
The phantom hits you.
The iguana hisses menacingly.
You take 6 damage, and have 25/38 hp.
You hit the phantom.
You pierce the phantom.
Your squeeze misses the phantom. The orc completely misses you.
The phantom hits you.
You take 4 damage, and have 21/38 hp.
You are too injured to fight recklessly!
Unknown command.
You closely miss the phantom.
Your tentacle spike misses the phantom.
The phantom hits you.
The phantom blinks!
You blink.
A hound and an orc come into view.
The orc hits you with a +0 club.
You take 3 damage, and have 18/38 hp.
The hound barks!
The orc shouts!
You hit the phantom.
Your tentacle spike misses the phantom.
The orc closely misses you. The phantom hits you.
The phantom blinks!
You blink.
You take 5 damage, and have 13/38 hp.
You hit the phantom. Your squeeze misses the phantom. The orc misses you.
The phantom hits you.
* * * LOW HITPOINT WARNING * * *
The phantom blinks!
You blink.
You take 4 damage, and have 9/38 hp.
You hit the phantom.
You pierce the phantom, but do no damage.
The hound barely misses you. The phantom completely misses you.
You hit the phantom.
Your tentacle spike misses the phantom.
Your squeeze misses the phantom. The hound bites you.
* * * LOW HITPOINT WARNING * * *
The hound misses you. Something hits you.
You die...

.
#.........##...##
.#.........#.....
.......)#..§......
..!.#..###..#....
... ##....o###...
##..#...§...#..##
.........owl..##
...#.....#Wh.(.#.#
...##...##.@.....#
#.....#.....#.#
............#...#
.#.......#..## #..
. ##.....###.# #
#.###.. .. # ##


You could see a phantom, a worm, an iguana, a hound and 2 orcs.

Vanquished Creatures
  A black bear (D:4)
  An ogre (D:4)
  3 gnolls (D:3)
  2 adders
  3 worms
  A dart slug (D:1)
  An orc (D:4)
  8 ball pythons
  5 bats
  5 endoplasms
  A giant cockroach (D:3)
  3 goblins
  4 hobgoblins
  A frilled lizard (D:3)
  7 kobolds
  8 rats
54 creatures vanquished.

Vanquished Creatures (others)
  An angel (D:3)
1 creature vanquished.

Grand Total: 55 creatures vanquished

Notes
Turn   | Place    | Note
-------+----------+-------------------------------------------
     0 | D:1      | OTABOTABOTAB the Octopode Transmuter began the quest for
                  | the Orb.
     0 | D:1      | Reached XP level 1. HP: 13/13 MP: 3/3
   264 | D:1      | Reached XP level 2. HP: 17/18 MP: 3/5
   968 | D:2      | Reached XP level 3. HP: 18/23 MP: 4/6
  1088 | D:2      | Learned a level 2 spell: Wereblood
  1092 | D:2      | Learned a level 3 spell: Spider Form
  1370 | D:2      | Reached skill level 3 in Transmutations
  1666 | D:3      | Found Happety's Jewellery Shoppe.
  1799 | D:3      | Found Mykleren's Weapon Shoppe.
  1837 | D:3      | Found a shimmering altar of Xom.
  1837 | D:3      | Found a glowing silver altar of Zin.
  1837 | D:3      | Noticed an angel
  1873 | D:3      | Reached XP level 4. HP: 25/28 MP: 3/7
  1876 | D:3      | Reached skill level 1 in Poison Magic
  1879 | D:3      | Killed an angel
  1880 | D:3      | Reached skill level 4 in Unarmed Combat
  1967 | D:3      | Found Beikly Meis's General Store.
  1984 | D:3      | Bought a scroll of blinking for 75 gold pieces
  2030 | D:3      | Found Penaac's Distillery.
  2040 | D:3      | Bought a potion of curing for 39 gold pieces
  2271 | D:4      | Noticed a black bear
  2275 | D:4      | Noticed a phantom
  2293 | D:4      | HP: 6/28 [black bear (8)]
  2295 | D:4      | Killed a black bear
  2296 | D:4      | Reached skill level 2 in Poison Magic
  2296 | D:4      | Reached XP level 5. HP: 4/33 MP: 5/8
  2473 | D:4      | Noticed an ogre
  2481 | D:4      | Killed an ogre
  2482 | D:4      | Reached skill level 4 in Transmutations
  2482 | D:4      | Reached skill level 3 in Poison Magic
  2482 | D:4      | Reached XP level 6. HP: 38/38 MP: 5/9
  2495 | D:4      | HP: 9/38 [phantom (4)]
  2497 | D:4      | HP: 4/38 [hound (6)]
  2497 | D:4      | Slain by an orc wizard

Illustrated notes

Levels and vault maps discovered:
D:1:      ncdulo_lavacross, layout_basic
D:2:      layout_loops_corners
D:3:      layout_rooms, grunt_temple_overflow_order_and_chaos_1, serial_shops,
          nicolae_shop_bloodbath_and_beyond, shop, nicolae_shop_stone,
          nicolae_diamond_shop
D:4:      nicolae_cairo_tiling_large_dashed, layout_loops_ring,
          nicolae_hepliaklqana_hippocampus, minmay_misc_feat_plants

Skill      XL: |  1  2  3  4  5 |
---------------+----------------+-----
Transmutations | 3 4 |  4.2
Poison Magic   | 2 3 |  3.0
Unarmed Combat | 4 |  4.9
Fighting       | |  1.0
Dodging        | |  2.0
Spellcasting   | |  2.0

Action                   |  1- 3 |  4- 6 || total
-------------------------+-------+-------++-------
Melee: Unarmed           |    64 |    13 ||    77
       Tentacles         |    16 |     7 ||    23
       Kick              |    12 |    10 ||    22
       Constrict         |    16 |    10 ||    26
       Punch             |     3 |     2 ||     5
       Short sword       |     8 |    44 ||    52
Throw: Stone             |     2 |       ||     2
 Cast: Beastly Appendage |    19 |     5 ||    24
       Wereblood         |     1 |       ||     1
       Spider Form       |       |     2 ||     2
 Abil: End Transformatio |    15 |     6 ||    21
  Use: Scroll            |       |     5 ||     5
 Stab: Sleeping          |     8 |       ||     8
Armor: Skin              |     2 |     2 ||     4
Dodge: Dodged            |    43 |    48 ||    91

Table legend: (Time is in decaauts)
 A = Elapsed time spent in this place.
 B = Non-inter-level travel time spent in this place.
 C = Inter-level travel time spent in this place.
 D = Time resting spent in this place.
 E = Time spent auto-exploring this place.
 F = Levels seen in this place.
 G = Mean time per level.
                   A        B        C        D        E       F      G
               +--------+--------+--------+--------+--------+-----+--------+
         Total |   2490 |   2416 |     74 |    156 |   1809 |   4 |  622.5 |
       Dungeon |   2490 |   2416 |     74 |    156 |   1809 |   4 |  622.5 |
               +--------+--------+--------+--------+--------+-----+--------+

Top non-repeatable levels by time:
     D:2: 972 daAuts
     D:1: 685 daAuts
     D:3: 580 daAuts
     D:4: 251 daAuts

Table legend:
 A = Kills in this place as a percentage of kills in entire the game.
 B = Kills by you in this place as a percentage of kills by you in the entire game.
 C = Kills by friends in this place as a percentage of kills by friends in the entire game.
 D = Other kills in this place as a percentage of other kills in the entire game.
 E = Experience gained in this place as a percentage of experience gained in the entire game.
 F = Experience gained in this place divided by the number of levels of this place that you have seen.
                   A       B       C       D       E      F
               +-------+-------+-------+-------+-------+----------------------
         Total | 100.0 | 100.0 |   N/A |   N/A | 100.0 | 101.0
       Dungeon | 100.0 | 100.0 |   N/A |   N/A | 100.0 | 101.0
               +-------+-------+-------+-------+-------+----------------------
